 Dungeon Crawl Stone Soup version 0.22-a0-280-g69bf1f3 (webtiles) character file.

5251 Serpenta the Cleaver (level 10, 0/86 HPs)
             Began as a Naga Chaos Knight on Mar 16, 2018.
             Slain by an ancient zyme (7 damage)
             ... on level 2 of the Abyss.
             The game lasted 00:23:01 (8923 turns).

Serpenta the Cleaver (Naga Chaos Knight)            Turns: 8923, Time: 00:23:02

Health: 0/86       AC: 11    Str: 18    XL:     10   Next: 62%
Magic:  14/14      EV:  9    Int: 12    God:    Xom [...*..]
Gold:   301        SH:  0    Dex: 11    Spells: 9/9 levels left

rFire    . . .     SeeInvis +   m - +0 battleaxe
rCold    . . .     Gourm    .   (shield currently unavailable)
rNeg     . . .     Faith    .   b - +2 leather armour
rPois    +         Spirit   .   f - +0 helmet
rElec    .         Reflect  .   (no cloak)
rCorr    .         Harm     .   z - -1 pair of gloves (curse)
MR       +++..     Clarity  +   (no barding)
Stlth    +.........             t - amulet of rage
HPRegen  0.00/turn              (no ring)
MPRegen  0.14/turn              (no ring)

@: non-regenerating, diseased, hasted and slowed, very slow
A: large, claws 1, stinger 1, rugged brown scales 1, yellow scales 1, see
invisible, clarity, deformed body, magic resistance 2, sense surroundings 1,
poison resistance, slowness 2, slow metabolism 1, spit poison 1, AC +3
a: Spit Poison, Renounce Religion, Evoke Berserk Rage


You were on level 2 of the Abyss.
You worshipped Xom.
You were a favourite toy of Xom.
You were not hungry.

You visited 1 branch of the dungeon, and saw 9 of its levels.
You visited the Abyss 1 time.
You also visited: Sewer and Ossuary.

You collected 539 gold pieces.
You spent 238 gold pieces at shops.


Innate Abilities, Weirdness & Mutations

You cannot wear boots.
Your serpentine skin is tough. (AC +3)
You have supernaturally acute eyesight. (SInv)
Armour fits poorly on your strangely shaped body.
Your system is resistant to poisons. (rPois)
You cover ground very slowly.
You have a slow metabolism.
You can spit poison.
You have sharp fingernails.
Your tail ends in a poisonous barb.
You are partially covered in rugged brown scales. (AC +1, +3% HP)
You are partially covered in yellow scales. (AC +2)
You possess an exceptional clarity of mind.
You are highly resistant to hostile enchantments. (MR++)
You passively map a small area around you.


   Skills:
 - Level 3.0 Fighting
 + Level 13.9 Axes
 - Level 1.5 Armour
 - Level 0.7 Dodging
 - Level 6.0 Evocations


You had 9 spell levels left.
You didn't know any spells.

Action                   |  1- 3 |  4- 6 |  7- 9 | 10-12 || total
-------------------------+-------+-------+-------+-------++-------
Melee: Hand axe          |    80 |   169 |    61 |       ||   310
       Tailslap          |       |    13 |    45 |    16 ||    74
       War axe           |       |       |   291 |    24 ||   315
       Battleaxe         |       |       |       |    79 ||    79
Throw: Tomahawk          |       |       |     5 |       ||     5
 Abil: Spit Poison       |    28 |     4 |    14 |     6 ||    52
Evoke: Wand              |       |       |       |     3 ||     3
  Use: Scroll            |     5 |     6 |     4 |     2 ||    17
       Potion            |       |     1 |    14 |     1 ||    16
 Stab: Paralysed         |     1 |     2 |       |     1 ||     4
       Petrifying        |       |     1 |       |       ||     1
  Eat: Chunk             |     2 |     6 |    11 |     1 ||    20
       Ration            |       |       |     1 |     1 ||     2
Armor: Leather armour    |    53 |    92 |   136 |    60 ||   341
Dodge: Dodged            |    46 |    79 |   136 |    54 ||   315

Inventory:

Hand Weapons
 i - a +0 flail
 m - a +0 battleaxe (weapon)
 y - a +0 war axe
Missiles
 l - 6 tomahawks (quivered)
Armour
 b - a +2 leather armour (worn)
 f - a +0 helmet (worn)
 h - a +0 pair of gloves
 w - a +0 plate armour
 z - a cursed -1 pair of gloves (worn)
Magical Staves
 n - an uncursed staff of wizardry {god gift, unknown}
Jewellery
 t - an amulet of rage (around neck)
Wands
 A - a wand of disintegration (8)
 C - a wand of paralysis (2)
Scrolls
 d - 6 scrolls of teleportation
 e - 5 scrolls of amnesia
 q - a scroll of enchant armour {unknown}
 r - 9 scrolls of remove curse
 s - a scroll of immolation {unknown}
 u - 2 scrolls of identify
 v - 2 scrolls of magic mapping
 B - a scroll of blinking
Potions
 a - a potion of resistance
 g - 3 potions of cancellation
 j - 3 potions of curing
 o - 4 potions of flight
 p - 2 potions of brilliance
 x - a potion of haste {god gift}
Comestibles
 c - 11 rations

# ## # # . # #
.# # . # ##
...##. .# . #.
#..##. ...# # ..
#.#.# #.#. .#.#
#. #..# ... ...
.. ..
##†#.#...#. .
#.##.§§.# .. # #
#.@x.§).# # #y#
.
####§§.###..##.#
.# .#.# #.. #
..# # # #.. .
##.. # # . ##. .
.# ## ## # # ..
#


You could see an ancient zyme.

Vanquished Creatures
  A two-headed ogre (D:8)
  4 gargoyles (D:7)
  An apocalypse crab (Abyss:2)
  A hornet (shapeshifter) (Abyss:2)
  A hungry ghost (D:7)
  A soldier ant (shapeshifter) (D:5)
  2 orc warriors (D:8)
  A black bear (D:8)
  A sky beast (D:8)
  A black bear (shapeshifter) (D:4)
  4 ogres
  An elf zombie (Ossuary)
  3 bullfrogs
  A wyvern zombie (D:9)
  A wyvern skeleton (D:9)
  A scorpion (D:7)
  A howler monkey (D:8)
  4 crimson imps
  2 bullfrog zombies
  3 hounds
  2 jellies
  2 bullfrog skeletons
  A human zombie (Ossuary)
  An orc priest (D:7)
  5 orc wizards
  Natasha (thrice) (D:4)
  An iguana (D:8)
  10 worker ants
  A hound zombie (D:5)
  A hound skeleton (D:4)
  2 mummies (Ossuary)
  A worker ant zombie (D:8)
  A howler monkey zombie (D:5)
  3 gnolls (D:9)
  9 adders
  A shadow imp (D:7)
  2 oozes
  An adder skeleton (D:8)
  3 adder zombies
  2 worms
  8 leopard geckos
  18 orcs
  4 ball pythons
  6 giant cockroaches
  8 hobgoblins
  15 jackals
  2 quokkas
  A ball python skeleton (D:4)
  7 bats
  6 frilled lizards
  15 goblins
  A goblin zombie (Ossuary)
  8 hobgoblin zombies (Ossuary)
  A jackal zombie (Ossuary)
  22 kobolds
  7 kobold zombies (Ossuary)
  2 leopard gecko skeletons
  11 orc zombies (Ossuary)
  A quokka skeleton (D:5)
  6 rats
  A fungus (Sewer)
  A plant (Sewer)
238 creatures vanquished.

Vanquished Creatures (collateral kills)
  2 big kobolds (Sewer)
  2 elf zombies (Ossuary)
  A centaur zombie (Ossuary)
  A big kobold zombie (Ossuary)
  A giant cockroach (D:2)
  2 kobolds (Sewer)
  A rat zombie (Ossuary)
10 creatures vanquished.

Vanquished Creatures (others)
  An orc (D:5)
1 creature vanquished.

Grand Total: 249 creatures vanquished

Vault maps used:
D:1:      roderic_dead_forest
D:2:      first_ration, uniq_robin
D:3:      gup_sewer_entry_bubbles
D:4:      overflow_temple_1_default, old_standard_altar,
          nicolae_overflow_crystal_walls, uniq_natasha
D:5:      kennysheep_little_box, minmay_statues_item, fedhas_altar_4
D:6:      lemuel_coloured_pillars_altar, minmay_temple_entry_statues_fountains,
          nicolae_ossuary_entry_plus, okawaru_trees_1
D:7:      cheibrodos_statue_roulette, lemuel_round_altar, kennysheep_mini_moat,
          marbit_many_paths
D:8:      lair_entry_dummy, serial_shops, shop
Sewer:    kennysheep_pipe_town
Ossuary:  ossuary_tomb_1


Message History

You see here an apocalypse crab corpse.
You hit the ancient zyme but do no damage.
The ancient zyme is heavily damaged.
The ancient zyme barely misses you. x2
You closely miss the ancient zyme.
You tail-slap the ancient zyme, but do no damage.
The ancient zyme is heavily damaged.
The ancient zyme hits you.
* * * LOW HITPOINT WARNING * * *
The ancient zyme barely misses you.
You hit the ancient zyme.
The ancient zyme is heavily damaged.
The ancient zyme hits you!
* * * LOW HITPOINT WARNING * * *
The ancient zyme hits you but does no damage.
You hit the ancient zyme but do no damage.
The ancient zyme is heavily damaged.
The ancient zyme hits you!
You die...
Xom snickers!

Notes
Turn   | Place    | Note
-------+----------+-------------------------------------------
     0 | D:1      | Serpenta the Naga Chaos Knight began the quest for the Orb.
     0 | D:1      | Reached XP level 1. HP: 21/21 MP: 1/1
    68 | D:1      | XOM: harmless Tmut miscast
   120 | D:1      | XOM: divination: detect creatures
   157 | D:1      | XOM: harmless Necr miscast
   204 | D:1      | Reached XP level 2. HP: 28/28 MP: 2/2
   539 | D:1      | Reached skill level 4 in Axes
   620 | D:1      | Reached XP level 3. HP: 13/34 MP: 3/3
   781 | D:1      | XOM: give mutations
   781 | D:1      | Gained mutation: Your body sometimes deteriorates upon taking damage. [Xom's mischief]
   781 | D:1      | Gained mutation: You are dopey. (Int -2) [Xom's mischief]
   913 | D:1      | XOM: give mutations
   913 | D:1      | Gained mutation: You are partially covered in rugged brown scales. (AC +1, +3% HP) [Xom's grace]
   913 | D:1      | Gained mutation: You are resistant to hostile enchantments. (MR+) [Xom's grace]
   913 | D:1      | Gained mutation: You are highly resistant to hostile enchantments. (MR++) [Xom's grace]
   913 | D:1      | Gained mutation: You possess an exceptional clarity of mind. [Xom's grace]
  1115 | D:2      | Noticed Robin
  1125 | D:2      | Noticed Robin
  1125 | D:2      | Robin changed into Robin the leopard gecko
  1125 | D:2      | XOM: polymorph Robin -> Robin the leopard gecko
  1244 | D:3      | XOM: polymorph giant cockroach -> adder
  1270 | D:3      | Reached XP level 4. HP: 19/43 MP: 4/4
  1287 | D:3      | Found a glowing drain.
  1294 | Sewer    | Entered a sewer
  1367 | Sewer    | XOM: harmless Hex miscast
  1496 | Sewer    | Reached skill level 5 in Axes
  1562 | Sewer    | XOM: god gift: curved jewelled staff {god gift}
  1598 | Sewer    | Noticed a big kobold
  1598 | Sewer    | Noticed a big kobold
  1602 | Sewer    | Killed a big kobold
  1602 | Sewer    | Reached XP level 5. HP: 47/50 MP: 5/5
  1606 | Sewer    | Killed a big kobold
  1607 | Sewer    | Reached skill level 6 in Axes
  1654 | Sewer    | XOM: god gift: scroll of teleportation {god gift}
  2045 | D:3      | XOM: give mutations
  2045 | D:3      | Gained mutation: Your tail ends in a poisonous barb. [Xom's grace]
  2045 | D:3      | Gained mutation: You have sharp fingernails. [Xom's grace]
  2101 | D:3      | XOM: divination: magic mapping
  2561 | D:2      | XOM: swap monsters
  2570 | D:2      | Killed Robin the leopard gecko
  2740 | D:2      | Reached XP level 6. HP: 56/57 MP: 6/6
  3148 | D:3      | XOM: stat loss: -1 Int (9/10)
  3221 | D:4      | Found an ancient bone altar of Kikubaaqudgha.
  3257 | D:4      | Noticed Natasha
  3262 | D:4      | XOM: enchant monster (bad)
  3271 | D:4      | Killed Natasha
  3271 | D:4      | Reached skill level 1 in Evocations
  3468 | D:4      | Found an iron altar of Okawaru.
  3492 | D:4      | XOM: torment (30/57 hp)
  3526 | D:4      | XOM: give mutations
  3526 | D:4      | Lost mutation: Your body sometimes deteriorates upon taking damage. [Xom's mischief]
  3526 | D:4      | Lost mutation: You are dopey. (Int -2) [Xom's mischief]
  3660 | D:4      | Found an ornate altar of the Wu Jian Council.
  3684 | D:4      | Noticed a basilisk
  3684 | D:4      | an iguana changed into a basilisk
  3685 | D:4      | Noticed a polar bear
  3685 | D:4      | a basilisk changed into a polar bear
  3686 | D:4      | Noticed a spiny frog
  3686 | D:4      | a polar bear changed into a spiny frog
  3687 | D:4      | Noticed a black bear
  3687 | D:4      | a spiny frog changed into a black bear
  3692 | D:4      | XOM: summons 1 hostile demon
  3696 | D:4      | Killed a black bear
  3696 | D:4      | Reached skill level 7 in Axes
  3696 | D:4      | Reached XP level 7. HP: 57/63 MP: 8/8
  3775 | D:4      | Noticed Natasha
  3786 | D:4      | Killed Natasha
  3794 | D:4      | Noticed Natasha
  3800 | D:4      | Killed Natasha
  3967 | D:4      | XOM: torment (33/63 hp)
  4301 | D:5      | Entered Level 5 of the Dungeon
  4349 | D:5      | Found a blossoming altar of Fedhas.
  4403 | D:5      | Noticed a soldier ant
  4403 | D:5      | a water moccasin changed into a soldier ant
  4403 | D:5      | XOM: polymorph water moccasin -> soldier ant
  4410 | D:5      | Killed a soldier ant
  4633 | D:5      | XOM: harmless Tloc miscast
  4692 | D:5      | XOM: enchant monster (bad)
  4701 | D:5      | XOM: smoke on damage
  4858 | D:5      | Found a burning altar of Makhleb.
  4866 | D:5      | Reached skill level 8 in Axes
  5001 | D:5      | Reached XP level 8. HP: 64/71 MP: 11/11
  5118 | D:5      | XOM: mild Hex miscast
  5171 | D:5      | XOM: medium Air miscast
  5465 | D:6      | XOM: god gift: 34 gold pieces {god gift}
  5544 | D:6      | Found a sand-covered staircase.
  5552 | Ossuary  | Entered an ossuary
  5573 | Ossuary  | XOM: god gift: 11 stones {god gift}
  5651 | Ossuary  | XOM: divination: detect creatures
  5663 | Ossuary  | Reached skill level 5 in Evocations
  5666 | Ossuary  | XOM: scenery: 1 doors open
  5678 | Ossuary  | XOM: summons 8 friendly demons
  6069 | D:6      | Found an iron altar of Okawaru.
  6202 | D:6      | Reached skill level 9 in Axes
  6236 | D:6      | Found a staircase to the Ecumenical Temple.
  6518 | D:6      | Found a hide-covered altar of Uskayaw.
  6540 | D:6      | XOM: medium Tloc miscast
  7130 | D:7      | Found a snail-covered altar of Cheibriados.
  7237 | D:7      | Reached XP level 9. HP: 58/77 MP: 13/13
  7338 | D:7      | Found a sacrificial altar of Ru.
  7369 | D:7      | XOM: harmless Fire miscast
  7374 | D:7      | Reached skill level 10 in Axes
  7374 | D:7      | Paralysed by fainting for 8 turns
  7418 | D:7      | XOM: enchant monster (bad)
  7531 | D:7      | XOM is BORED!
  7531 | D:7      | XOM: noise
  7570 | D:7      | Noticed a gargoyle
  7575 | D:7      | XOM: smoke on damage
  7586 | D:7      | Killed a gargoyle
  7589 | D:7      | Noticed a gargoyle
  7591 | D:7      | Killed a gargoyle
  7591 | D:7      | Reached skill level 11 in Axes
  7597 | D:7      | Noticed a gargoyle
  7605 | D:7      | Killed a gargoyle
  7609 | D:7      | Noticed a gargoyle
  7616 | D:7      | Killed a gargoyle
  7616 | D:7      | Reached skill level 12 in Axes
  7625 | D:7      | Noticed a gargoyle
  7627 | D:7      | XOM: 3-stop teleportation journey
  7661 | D:7      | XOM: give mutations
  7661 | D:7      | Gained mutation: You passively map a small area around you. [Xom's grace]
  7661 | D:7      | Gained mutation: You are partially covered in yellow scales. (AC +2) [Xom's grace]
  7784 | D:8      | Found a staircase to the Lair.
  7828 | D:8      | XOM: destruction
  7829 | D:8      | Noticed a two-headed ogre
  7838 | D:8      | Killed a two-headed ogre
  7838 | D:8      | Reached XP level 10. HP: 83/86 MP: 14/14
  7841 | D:8      | Reached skill level 13 in Axes
  7878 | D:8      | Noticed tilp's ghost (novice DrSk)
  7882 | D:8      | XOM: 3-stop teleportation journey
  8302 | D:8      | Found Ymioh's Magic Scroll Boutique.
  8307 | D:8      | Bought a scroll of blinking for 105 gold pieces
  8307 | D:8      | Bought a scroll of teleportation for 42 gold pieces
  8307 | D:8      | Bought a scroll of teleportation for 42 gold pieces
  8307 | D:8      | Bought a scroll of magic mapping for 49 gold pieces
  8332 | D:7      | Found a white marble altar of Elyvilon.
  8813 | D:9      | Cast into level 2 of the Abyss (big kobold)
  8813 | Abyss:2  | Found a corrupted altar of Lugonu.
  8893 | Abyss:2  | XOM: summons 10 friendly demons
  8895 | Abyss:2  | XOM: god gift: potion of haste {god gift}
  8899 | Abyss:2  | XOM: swap monsters
  8904 | Abyss:2  | Paralysed by a hornet for 3 turns
  8909 | Abyss:2  | Noticed an apocalypse crab
  8912 | Abyss:2  | XOM: fog
  8916 | Abyss:2  | HP: 4/86 [ancient zyme (8)]
  8918 | Abyss:2  | Killed an apocalypse crab
  8923 | Abyss:2  | Slain by an ancient zyme
